 Dungeon Crawl Stone Soup version 0.25.1-2-g60ff931df9 (webtiles) character file.

Game seed: 1327750110728789875

36 IcyTea the Slasher (level 3, 0/31 HPs)
             Began as a Minotaur Berserker on Oct 3, 2020.
             Was a Follower of Trog.
             Slain by a gnoll
             ... wielding a +0 halberd
              (14 damage)
             ... on level 1 of the Dungeon.
             The game lasted 00:03:40 (1094 turns).

IcyTea the Slasher (Minotaur Berserker)             Turns: 1094, Time: 00:03:40

Health: 0/31       AC:  6    Str: 22    XL:     3   Next: 19%
Magic:  2/2        EV: 10    Int:  4    God:    Trog [*.....]
Gold:   45         SH:  0    Dex:  9    Spells: 2/2 levels left

rFire    . . .     SeeInvis .   a - +2 short sword (flame)
rCold    . . .     Gourm    .   (no shield)
rNeg     . . .     Faith    .   i - +0 scale mail
rPois    .         Spirit   .   (helmet restricted)
rElec    .         Reflect  .   (no cloak)
rCorr    +         Harm     .   (no gloves)
MR       .....                  (no boots)
Stlth    ..........             (no amulet)
HPRegen  0.10/turn              f - ring of resist corrosion
MPRegen  0.08/turn              (no ring)

@: no status effects
A: retaliatory headbutt, horns 2
a: Berserk, Renounce Religion


You were on level 1 of the Dungeon.
You worshipped Trog.
Trog was aware of your devotion.
You were not hungry.

You visited 1 branch of the dungeon, and saw 2 of its levels.

You collected 45 gold pieces.

Inventory:

Hand Weapons
 a - a +2 short sword of flaming (weapon)
 b - a +0 hunting sling
 e - a +0 falchion
Missiles
 d - 15 sling bullets
Armour
 i - a +0 scale mail (worn)
Jewellery
 f - a ring of resist corrosion (left hand)
Potions
 g - 3 potions of curing {unknown}
Comestibles
 c - 2 rations
 h - 5 chunks of flesh


   Skills:
 - Level 3.6 Fighting
 + Level 5.3 Long Blades
 - Level 2.4 Armour
 - Level 2.1 Dodging


You had 2 spell levels left.
You didn't know any spells.
Your spell library was empty.

Dungeon Overview and Level Annotations

Branches:
Dungeon (2/15)

Altars:


Innate Abilities, Weirdness & Mutations

You reflexively headbutt those who attack you in melee.
You have a pair of horns on your head.


Message History

A gnoll comes into view. It is wielding a +0 spear.
There is an open door here.
There is a stone staircase leading up here.
The gnoll barely misses you.
The gnoll hits you from afar with a +0 halberd.
The gnoll hits you from afar with a +0 spear.
The gnoll barely misses you.
There is a stone staircase leading up, spattered with blood here.
The gnoll closely misses you. The gnoll hits you with a +0 halberd!
You climb upwards.
There is a stone staircase leading down here.
You hit the gnoll. You burn the gnoll.
The gnoll is moderately wounded.
The gnoll barely misses you. You furiously retaliate!
You headbutt the gnoll. You closely miss the gnoll.
The gnoll is heavily wounded.
You barely miss the gnoll.
The gnoll is heavily wounded.
The gnoll hits you with a +0 halberd!
You die...

########............######
#........####.............
#.######## #.#####....... #.#
####.#####.###### #.#
#..........## # #.#
##.##.#####..# # #.# #.....# ##.#
# #.### #..#### #.# #
#...#####@.# #.# #
#.......g..#########.#####
#...#.....................
##..#.##.###########..####
#..#.##.# #..# #..#.##.# #..#
###..#.##.# #..#
#######....#.##.# #..####
................###########......


You could see a gnoll.

Vanquished Creatures
  An adder (D:2)
  A dart slug (D:1)
  3 bats
  A giant cockroach (D:1)
  5 goblins (D:1)
  3 hobgoblins (D:1)
  2 kobolds (D:1)
  A quokka (D:2)
  2 frilled lizards (D:1)
  5 rats (D:1)
24 creatures vanquished.

Notes
Turn   | Place    | Note
-------+----------+-------------------------------------------
     0 | D:1      | IcyTea the Minotaur Berserker began the quest for the Orb.
     0 | D:1      | Reached XP level 1. HP: 19/19 MP: 0/0
   158 | D:1      | Reached skill level 4 in Long Blades
   247 | D:1      | Reached XP level 2. HP: 26/26 MP: 1/1
   995 | D:1      | Reached skill level 5 in Long Blades
  1040 | D:2      | Reached XP level 3. HP: 30/31 MP: 2/2
  1094 | D:1      | Slain by a gnoll

Illustrated notes

Levels and vault maps discovered:
D:1:      sevenhm_arrival_forest_fort_large_2, layout_loops_ring
D:2:      layout_basic, minmay_bisected

Skill      XL: |  1  2 |
---------------+-------+-----
Long Blades    | 4 5 |  5.3
Fighting       | |  3.6
Armour         | |  2.4
Dodging        | |  2.1

Action                   || total
-------------------------++-------
Melee: Falchion          ||    11
       Short sword       ||    29
       Headbutt          ||     6
 Fire: Hunting sling     ||     4
Armor: Animal skin       ||     4
       Scale mail        ||     3
Dodge: Dodged            ||    27
       Rpst.: Falchion   ||     2
